AoeStats
← Mito

Arena

510550316Analyzed
1v1 RM · 8h ago on Oct 1, 2026· 38m 56s· 2 players
Game mode
Random Map
Map size
Tiny (2 player)
Population
200
Speed
Normal
Resources
Standard
Victory
Conquest
Starting age
Dark Age
Ending age
Imperial Age
RankedLock teamsTeams togetherTeam positionsShared explorationLock speedFull tech treeHidden civsTurbo modeCheats
Victory
Defeat
🇩🇪 Saracens · Germany
1122
+15
🇪🇸 Aztecs · Spain
1110
-15
Mito
10:56 Feudal Age
14:59 Castle Age
13:12 Horse Collar
13:32 Double-Bit Axe
15:15 Gold Mining
17:02 Fervor
19:28 Sanctity
23:50 Redemption
23:42 Atonement
26:42 Bow Saw
31:12 Imperial Age
30:00 Stone Mining
30:50 Gold Shaft Mining
31:21 Wheelbarrow
30:33 Loom
30:33 Town Watch
31:29 Heresy
33:07 Hand Cart
33:39 Theocracy
33:21 Block Printing
33:32 Illumination
33:57 Devotion
34:07 Herbal Medicine
34:10 Capped Ram
36:32 Town Patrol
38:12 Conscription
38:49 Onager
tafkams
10:09 Feudal Age
13:58 Castle Age
12:10 Double-Bit Axe
12:08 Horse Collar
16:23 Wheelbarrow
19:50 Bow Saw
20:45 Stone Mining
21:40 Loom
22:39 Gold Mining
22:53 Heavy Plow
27:30 Forging
27:25 Scale Barding Armor
30:40 Imperial Age
29:22 Gold Shaft Mining
29:36 Iron Casting
29:39 Fletching
30:10 Chain Barding Armor
30:02 Bloodlines
29:52 Husbandry
30:16 Bodkin Arrow
31:48 Conscription
30:49 Elite Mameluke
34:35 Plate Barding Armor
35:01 Blast Furnace
34:02 Bracer
33:48 Light Cavalry
35:00 Conscription
39:39 Chemistry
Connection lost

Rejoining the realm…

Still unreachable

The connection could not be restored.

Session expired

The server has moved on; the page needs a fresh start.